AoeStats
← TPE-床上小旋風

Black Forest

505612679Analyzed
4v4 RM · 22d ago on Sep 10, 2026· 106m 32s· 8 players
Game mode
Random Map
Map size
Large (8 player)
Population
200
Speed
Normal
Resources
Standard
Victory
Conquest
Starting age
Dark Age
Ending age
Imperial Age
RankedLock teamsTeams togetherTeam positionsShared explorationLock speedFull tech treeHidden civsTurbo modeCheats
Victory
Defeat
🇭🇷 Mongols · Croatia
1658
+14
🇦🇺 Spanish · Australia
1424
+23
🇭🇰 Poles · Hong Kong SAR China
1416
+23
🇷🇺 Celts · Russia
1306
+27
🇦🇷 Mongols · Argentina
1684
-25
🇮🇩 Byzantines · Indonesia
1602
-22
🇭🇰 Japanese · Hong Kong SAR China
1555
-21
🇨🇳 Britons · China
1502
-19
Embege
1:04 Loom
19:29 Feudal Age
20:38 Double-Bit Axe
23:48 Castle Age
21:55 Horse Collar
25:50 Bow Saw
27:09 Fortified Wall
28:50 Treadmill Crane
31:19 Wheelbarrow
34:03 Gold Mining
34:10 Stone Mining
35:09 Hand Cart
36:49 Gold Shaft Mining
36:50 Stone Shaft Mining
38:58 Imperial Age
36:20 Fletching
36:30 Padded Archer Armor
36:56 Ballistics
36:17 Elite Skirmisher
37:03 Thumb Ring
37:36 Bodkin Arrow
37:56 Leather Archer Armor
39:40 Bracer
40:10 Ring Archer Armor
40:42 Chemistry
43:03 Light Cavalry
61:19 Husbandry
62:20 Hussar
63:09 Scale Mail Armor
63:19 Forging
63:14 Scale Barding Armor
65:10 Iron Casting
65:34 Chain Barding Armor
68:30 Plate Barding Armor
超级硬邦邦
0:46 Loom
10:53 Feudal Age
12:46 Double-Bit Axe
18:24 Castle Age
16:35 Horse Collar
16:52 Stone Mining
19:26 Bow Saw
20:06 Fishing Lines
22:16 Gillnets
25:15 Gold Mining
26:59 Yeomen
29:58 Imperial Age
28:04 Ballistics
28:41 Wheelbarrow
28:39 Heavy Plow
29:17 Gold Shaft Mining
28:27 Treadmill Crane
30:07 Fletching
30:18 Padded Archer Armor
30:29 Forging
31:50 Two-Man Saw
31:01 Bodkin Arrow
31:12 Scale Mail Armor
31:48 Bracer
32:28 Leather Archer Armor
33:20 Chemistry
33:42 Ring Archer Armor
33:48 Iron Casting
33:46 Elite Longbowman
34:47 Conscription
35:09 Siege Engineers
35:15 Masonry
37:16 Hand Cart
36:47 Town Watch
37:34 Coinage
37:06 Caravan
37:23 Guilds
41:00 Warwolf
41:40 Banking
55:48 Scale Barding Armor
55:59 Chain Mail Armor
56:45 Blast Furnace
56:37 Husbandry
55:58 Light Cavalry
57:40 Chain Barding Armor
58:34 Plate Mail Armor
59:49 Plate Barding Armor
79:01 Architecture
mbxmm
11:21 Feudal Age
12:38 Double-Bit Axe
15:17 Castle Age
14:06 Loom
16:36 Fishing Lines
17:36 Bow Saw
22:44 Horse Collar
22:57 Gillnets
26:16 Wheelbarrow
25:32 Gold Mining
25:33 Stone Mining
29:26 Imperial Age
27:35 Caravan
28:27 Scale Mail Armor
28:38 Forging
28:24 Treadmill Crane
29:10 Hand Cart
29:32 Chain Mail Armor
30:06 Yasama
30:32 Conscription
31:20 Iron Casting
31:54 Two-Man Saw
31:27 Plate Mail Armor
30:32 Pikeman
31:13 Squires
32:47 Chemistry
31:57 Heavy Plow
32:18 Fletching
32:47 Guard Tower
33:19 Ballistics
33:40 Kataparuto
33:25 Halberdier
34:03 Bodkin Arrow
35:24 Blast Furnace
35:00 Bracer
34:48 Arrowslits
35:39 Keep
35:06 Elite Samurai
35:35 Arson
35:36 Gambesons
39:00 Coinage
44:43 Padded Archer Armor
47:02 Coinage
48:41 Banking
53:21 Leather Archer Armor
53:13 Siege Engineers
53:03 Murder Holes
70:09 Ring Archer Armor
76:20 Onager
47_chu_VOI_con
10:59 Feudal Age
14:53 Castle Age
13:04 Double-Bit Axe
13:41 Stone Mining
16:46 Bow Saw
16:58 Fletching
24:25 Bodkin Arrow
27:21 Padded Archer Armor
28:49 Loom
33:48 Imperial Age
31:52 Gold Mining
33:07 Ballistics
34:55 Bracer
36:27 Conscription
38:38 Leather Archer Armor
38:25 Husbandry
39:39 Bloodlines
41:53 Wheelbarrow
41:04 Town Watch
46:43 Chemistry
45:54 Fortified Wall
48:18 Onager
52:24 Siege Onager
53:18 Siege Engineers
56:21 Hand Cart
57:16 Capped Ram
58:50 Gold Shaft Mining
58:51 Stone Shaft Mining
61:12 Scale Barding Armor
61:47 Forging
60:59 Light Cavalry
62:08 Hussar
63:09 Chain Barding Armor
64:29 Iron Casting
66:31 Blast Furnace
74:44 Horse Collar
81:29 Heavy Plow
81:42 Siege Ram
94:47 Elite Steppe Lancer
98:35 Caravan
拿捏木村
0:47 Loom
11:31 Feudal Age
12:41 Double-Bit Axe
15:42 Castle Age
14:22 Horse Collar
17:05 Heavy Plow
20:32 Bow Saw
21:37 Wheelbarrow
20:52 Gold Mining
21:38 Stone Mining
22:56 Hand Cart
23:16 Town Watch
27:31 Imperial Age
26:31 Stone Shaft Mining
25:52 Fletching
26:26 Ballistics
26:38 Crossbowman
27:25 Thumb Ring
27:16 Bodkin Arrow
28:15 Bracer
29:17 Chemistry
29:26 Conscription
30:30 Sappers
30:25 Arbalester
32:11 Padded Archer Armor
34:34 Leather Archer Armor
34:43 Elite Skirmisher
37:09 Capped Ram
38:37 Crop Rotation
39:39 Caravan
TPE-床上小旋風
1:50 Loom
2:02 Loom
12:26 Feudal Age
16:55 Castle Age
14:40 Horse Collar
14:52 Double-Bit Axe
19:12 Bow Saw
21:21 Wheelbarrow
21:50 Gold Mining
24:32 Hand Cart
25:13 Heavy Plow
26:38 Fishing Lines
30:29 Imperial Age
29:05 Gold Shaft Mining
28:22 Stone Mining
30:10 Pikeman
30:53 Town Watch
30:32 Onager
31:17 Scale Mail Armor
31:28 Forging
31:54 Furor Celtica
31:33 Halberdier
32:32 Chain Mail Armor
32:01 Capped Ram
32:59 Town Patrol
33:02 Caravan
33:50 Siege Onager
34:15 Siege Onager
35:59 Plate Mail Armor
36:04 Iron Casting
36:15 Stone Shaft Mining
36:10 Siege Ram
39:08 Blast Furnace
40:04 Chemistry
42:56 Fortified Wall
42:54 Siege Engineers
42:59 Masonry
43:11 Ballistics
43:46 Elite Skirmisher
44:18 Fletching
44:28 Padded Archer Armor
44:06 Elite Woad Raider
44:42 Stronghold
44:42 Arson
44:35 Heavy Scorpion
45:57 Bodkin Arrow
46:17 Leather Archer Armor
46:35 Conscription
47:43 Hoardings
47:22 Man-at-Arms
47:49 Gambesons
48:37 Ring Archer Armor
48:50 Long Swordsman
49:23 Two-Handed Swordsman
50:44 Champion
69:06 Hoardings
73:36 Coinage
73:16 Guilds
102:59 Heated Shot
ceepki
1:26 Loom
14:07 Feudal Age
15:09 Town Watch
15:37 Double-Bit Axe
19:27 Castle Age
21:39 Fortified Wall
24:24 Fishing Lines
29:42 Wheelbarrow
30:12 Horse Collar
31:24 Gillnets
32:43 Bow Saw
33:45 Gold Mining
36:52 Imperial Age
34:43 Fletching
35:49 Nomads
36:55 Onager
37:58 Conscription
38:00 Drill
38:32 Gold Shaft Mining
39:06 Siege Engineers
40:19 Siege Onager
43:13 Capped Ram
44:13 Bodkin Arrow
44:19 Padded Archer Armor
45:29 Bracer
46:03 Ballistics
46:44 Chemistry
45:50 Siege Ram
49:02 Leather Archer Armor
49:02 Heavy Scorpion
53:19 Caravan
56:21 Masonry
56:47 Hoardings
77:09 Scale Barding Armor
77:14 Forging
78:27 Chain Barding Armor
79:34 Iron Casting
79:59 Coinage
80:06 Bloodlines
79:56 Husbandry
79:16 Heavy Camel Rider
82:01 Blast Furnace
93:02 Banking
93:40 Hand Cart
gil
10:31 Feudal Age
14:09 Castle Age
12:23 Double-Bit Axe
17:17 Fishing Lines
17:42 Horse Collar
19:31 Wheelbarrow
18:44 Loom
19:12 Gillnets
22:01 Bow Saw
24:26 Hand Cart
24:21 Heavy Plow
24:49 Gold Mining
24:49 Stone Mining
26:16 Town Watch
29:13 Imperial Age
26:59 Padded Archer Armor
27:57 Stone Shaft Mining
28:13 Leather Archer Armor
29:25 Elite Conquistador
30:33 Supremacy
31:19 Ring Archer Armor
31:01 Bloodlines
30:51 Husbandry
31:42 Conscription
32:31 Two-Man Saw
31:17 Capped Ram
31:48 Sappers
33:38 Hoardings
33:18 Siege Ram
33:41 Light Cavalry
37:02 Chemistry
36:42 Masonry
38:39 Scale Barding Armor
38:44 Forging
37:56 Hussar
40:05 Chain Barding Armor
40:21 Iron Casting
41:17 Ballistics
41:28 Architecture
40:29 Cavalier
41:47 Plate Barding Armor
42:13 Blast Furnace
41:56 Paladin
46:54 Hoardings
52:26 Bombard Tower
52:19 Thumb Ring
51:39 Elite Skirmisher
54:09 Fletching
55:17 Bodkin Arrow
57:42 Caravan
61:20 Elite Cannon Galleon
Connection lost

Rejoining the realm…

Still unreachable

The connection could not be restored.

Session expired

The server has moved on; the page needs a fresh start.